 Dungeon Crawl Stone Soup version 0.27-a0-1532-gca18f49f40 (webtiles) character file.

Game seed: 3073779105737544733

112 dolemite99 the Poker (level 4, -17/31 (33) HPs)
             Began as a Merfolk Gladiator on July 13, 2021.
             Was a Believer of Wu Jian.
             Demolished by an ogre (19 damage)
             ... on level 4 of the Dungeon.
             The game lasted 00:03:05 (3264 turns).

dolemite99 the Poker (Merfolk Gladiator)            Turns: 3264, Time: 00:03:06

HP:   -17/31 (33)   AC:  9    Str: 15    XL:     4   Next: 95%
MP:   4/4           EV:  7    Int:  7    God:    Wu Jian [**....]
Gold: 162           SH:  0    Dex: 15    Spells: 3/3 levels left

rFire    . . .     SeeInvis .   a - +0 trident
rCold    . . .     Faith    .   (no shield)
rNeg     . . .     Spirit   .   v - +0 chain mail
rPois    .         Reflect  .   c - +0 helmet
rElec    .         Harm     .   (no cloak)
rCorr    .         Rampage  .   (no gloves)
Will     .....                  (no boots)
Stlth    ..........             (no amulet)
HPRegen  0.10/turn              (no ring)
MPRegen  0.09/turn              (no ring)

@: drained
A: (nimble swimmer 2), mertail
a: Renounce Religion, Wall Jump


You were on level 4 of the Dungeon.
You worshipped Wu Jian.
Wu Jian was pleased with you.
You visited 1 branch of the dungeon, and saw 4 of its levels.

You collected 162 gold pieces.

Inventory:

Hand Weapons
 a - a +0 trident (weapon)
 t - a +0 hunting sling
 w - a +3 dagger
 y - a +0 dagger of freezing
Missiles
 d - 3 throwing nets
 h - 17 poisoned darts (quivered)
 i - 18 sling bullets
 k - 54 stones
Armour
 b - a +0 leather armour
 c - a +0 helmet (worn)
 n - a +0 scale mail
 s - a +0 pair of gloves
 v - a +0 chain mail (worn)
Jewellery
 j - an amulet of guardian spirit
Scrolls
 f - a scroll of identify {unknown}
 p - a scroll of immolation {unknown}
 q - a scroll of enchant armour {unknown}
 r - a scroll of amnesia {unknown}
Potions
 e - a potion of brilliance {unknown}
 g - 2 potions of cancellation {unknown}
 l - a potion of curing {unknown}
 m - a potion of flight {unknown}
 o - a potion of haste {unknown}
 u - a potion of degeneration {unknown}
 x - a potion of lignification {unknown}
 z - a potion of heal wounds {unknown}


   Skills:
 - Level 2.1 Fighting
 + Level 7.9 Polearms
 - Level 2.0 Throwing
 - Level 4.0 Dodging


You had 3 spell levels left.
You didn't know any spells.
Your spell library was empty.

Dungeon Overview and Level Annotations

Branches:
Dungeon (4/15)
 Temple: D:4-7

Altars:
Ashenzari
Hepliaklqana
Qazlal
Wu Jian

Shops:
D:1 =

Annotations:
D:3 Ijyb


Innate Abilities, Weirdness & Mutations

((You are quick and stealthy near water. (Stealth+, EV+, Speed+++)))
Your lower body shifts to a powerful aquatic tail in water.


Message History

No target in view!
Found a broken altar of Ashenzari.
Found a whip.
You see here a +0 whip.
Ijyb the Twisted Goblin comes into view.
She is wielding a +0 club, wearing a +1 ring mail of positive energy and carrying a wand of polymorph (11).
Ijyb shouts!
Ijyb is nearby!
You see here a ball python corpse.
Ijyb zaps a wand.
You resist with some effort.
There is a stone staircase leading down here.
You climb downwards.
An ogre comes into view. It is wielding a +0 giant spiked club.
The ogre shouts!
Found 11 gold pieces and a ring mail.
Found a stone staircase leading up.
There is a stone staircase leading up here.
An ogre is nearby!
An ogre is nearby!
Okay, then.
You throw a poisoned dart. The poisoned dart hits the ogre.
The ogre is poisoned.
You throw a poisoned dart.
The poisoned dart barely misses the ogre.
You throw a poisoned dart.
The poisoned dart barely misses the ogre.
You throw a poisoned dart. The poisoned dart hits the ogre.
The ogre looks even sicker.
The ogre is lightly wounded.
You reach to attack!
You hit the ogre.
The ogre is moderately wounded.
You hit the ogre.
The ogre is moderately wounded.
The ogre hits you with a +0 giant spiked club!!
Ouch! That really hurt!
* * * LOW HITPOINT WARNING * * *
You are too injured to fight recklessly!
You hit the ogre.
The ogre is heavily wounded.
The ogre hits you with a +0 giant spiked club!!
Ouch! That really hurt!
You die...

..........#
......[...#
(.$.......#
(.........
#.(.(....##
..........####
......O......#
.......@..#
..........#
..........#
#........##
##..<...##
########


You could see an ogre (very poisoned).

Vanquished Creatures
  2 adders
  A gnoll (D:1)
  4 worms
  An orc (D:3)
  3 endoplasms
  4 giant cockroaches
  4 goblins
  7 hobgoblins
  10 jackals
  4 quokkas
  9 ball pythons
  5 bats
  2 frilled lizards
  9 kobolds
  2 rats (D:2)
67 creatures vanquished.

Notes
Turn   | Place    | Note
-------+----------+-------------------------------------------
     0 | D:1      | dolemite99 the Merfolk Gladiator began the quest for the
                  | Orb.
     0 | D:1      | Reached XP level 1. HP: 16/16 MP: 1/1
    48 | D:1      | Reached skill level 5 in Polearms
    48 | D:1      | Reached XP level 2. HP: 8/22 MP: 2/2
   765 | D:1      | Reached skill level 6 in Polearms
   765 | D:1      | Reached XP level 3. HP: 24/27 MP: 3/3
   953 | D:1      | Found a faded altar of an unknown god.
   956 | D:1      | Became a worshipper of the Wu Jian Council
   956 | D:1      | Reached * piety under Wu Jian
  1058 | D:1      | Found Lupecuhe's Jewellery Shop.
  1584 | D:2      | Reached XP level 4. HP: 27/33 MP: 4/4
  1710 | D:2      | Reached skill level 7 in Polearms
  2499 | D:3      | Found a hazy altar of Hepliaklqana.
  2535 | D:3      | Reached ** piety under Wu Jian
  3020 | D:3      | Found a stormy altar of Qazlal.
  3230 | D:3      | Found a broken altar of Ashenzari.
  3240 | D:3      | Noticed Ijyb
  3257 | D:4      | Noticed an ogre
  3264 | D:4      | Demolished by an ogre

Illustrated notes

Levels and vault maps discovered:
D:1:      mrwooster_arrival_statue_2, layout_basic, serial_shops, shop,
          hellmonk_ecumenical_altar_heavens_door, corexii_leaking_fountain
D:2:      layout_basic
D:3:      layout_loops_corners, mainiacjoe_overflow_surrounded_room,
          ashenzari_conservatory_becter, nicolae_qazlal_scattered_showers,
          uniq_ijyb
D:4:      layout_rooms, chequers_serial_rivers_large_a, kennysheep_diamond,
          uniq_crazy_yiuf_cottage

Skill      XL: |  1  2  3  4 |
---------------+-------------+-----
Polearms       | 5 6 7 |  7.9
Fighting       | |  2.1
Throwing       | |  2.0
Dodging        | |  4.0

Action                   |  1- 3 |  4- 6 || total
-------------------------+-------+-------++-------
Melee: Trident           |   121 |   132 ||   253
Throw: Dart              |       |     4 ||     4
Invok: Lunge             |     1 |     6 ||     7
       Whirlwind         |       |     4 ||     4
 Stab: Sleeping          |     1 |       ||     1
Armor: Leather armour    |    20 |       ||    20
       Scale mail        |    12 |     8 ||    20
       Chain mail        |       |    49 ||    49
Dodge: Dodged            |    78 |    35 ||   113

Table legend: (Time is in decaauts)
 A = Elapsed time spent in this place.
 B = Non-inter-level travel time spent in this place.
 C = Inter-level travel time spent in this place.
 D = Time resting spent in this place.
 E = Time spent auto-exploring this place.
 F = Levels seen in this place.
 G = Mean time per level.
                   A        B        C        D        E       F      G
               +--------+--------+--------+--------+--------+-----+--------+
         Total |   3253 |   3121 |    132 |    580 |   1921 |   4 |  813.2 |
       Dungeon |   3253 |   3121 |    132 |    580 |   1921 |   4 |  813.2 |
               +--------+--------+--------+--------+--------+-----+--------+

Top non-repeatable levels by time:
     D:1: 1455 daAuts
     D:3: 995 daAuts
     D:2: 796 daAuts
     D:4: 6 daAuts
